General information
- name: BNet
- type: Ladder team game (AT/RT)
- host: Battle.net
- saver: Alchemie
map: MarketSquare
- players: 8
- length: 25:35
- speed: Fast
- version: 1.29 W3XP
- replay type: Public
» download(346 KB)
Players
team 1 (winner)
ColdAsWinter (
purple | 74 APM | 1905 actions | 25:35)
6 Death Knight
3 Death Coil
2 Unholy Aura
1 Animate Dead
5 Lich
3 Frost Nova
2 Frost Armor
» actions
| Assign group hotkey | 24 | |
| Basic commands | 39 | |
| Build / train | 70 | |
| ESC pressed | 7 | |
| Enter build submenu | 28 | |
| Enter hero's abilities submenu | 12 | |
| Give item / drop item | 2 | |
| Remove unit from queue | 1 | |
| Right click | 895 | |
| Select / deselect | 223 | |
| Select group hotkey | 479 | |
| Use ability | 125 | |
1905 total
» units
| Acolyte | 8 | |
| Ghoul | 5 | |
| Crypt Fiend | 10 | |
| Obsidian Statue | 4 | |
| Frost Wyrm | 4 | |
31 total
» upgrades
| Creature Attack | 3 | |
| Web | 1 | |
| Burrow | 1 | |
| Destroyer Form | 1 | |
| Freezing Breath | 2 | |
| Creature Carapace | 2 | |
10 total
» buildings
| Graveyard | 1 | |
| Crypt | 1 | |
| Altar of Darkness | 1 | |
| Ziggurat | 13 | |
| Tomb of Relics | 1 | |
| Nerubian Tower | 2 | |
| Halls of the Dead | 2 | |
| Necropolis | 4 | |
| Spirit Tower | 2 | |
| Slaughterhouse | 1 | |
| Black Citadel | 1 | |
| Sacrificial Pit | 1 | |
| Boneyard | 2 | |
32 total
» build order
01:14 Graveyard
01:16 Crypt
01:57 Altar of Darkness
02:16 Ziggurat
02:54 Tomb of Relics
02:58 Ziggurat
03:08 Nerubian Tower
03:09 Nerubian Tower
05:29 Halls of the Dead
05:29 Halls of the Dead
06:08 Ziggurat
06:46 Necropolis
07:03 Ziggurat
07:24 Necropolis
07:42 Spirit Tower
08:09 Slaughterhouse
10:16 Black Citadel
11:05 Sacrificial Pit
11:25 Ziggurat
12:17 Ziggurat
12:20 Spirit Tower
12:43 Boneyard
12:49 Boneyard
18:59 Necropolis
19:01 Necropolis
20:14 Ziggurat
20:15 Ziggurat
20:18 Ziggurat
23:13 Ziggurat
23:13 Ziggurat
23:15 Ziggurat
23:16 Ziggurat
» items
| Rod of Necromancy | 2 | |
| Scroll of Town Portal | 2 | |
4 total

»
LordJamo (
yellow | 107 APM | 2748 actions | 25:35)
5 Tauren Chieftain
3 Shockwave
2 Endurance Aura
» actions
| Assign group hotkey | 33 | |
| Basic commands | 198 | |
| Build / train | 75 | |
| Enter build submenu | 19 | |
| Enter hero's abilities submenu | 5 | |
| Remove unit from queue | 4 | |
| Right click | 1343 | |
| Select / deselect | 438 | |
| Select group hotkey | 501 | |
| Use ability | 132 | |
2748 total
» units
| Peon | 15 | |
| Grunt | 4 | |
| Troll Headhunter/Berserker | 15 | |
| Troll Witch Doctor | 9 | |
43 total
» upgrades
| Armor | 3 | |
| Ranged Weapons | 3 | |
| Troll Regeneration | 1 | |
| Berserker Strength | 1 | |
| Witch Doctor Training | 2 | |
| Reinforced Defenses | 1 | |
| Berserker Upgrade | 1 | |
| Melee Weapons | 1 | |
13 total
» buildings
| Barracks | 2 | |
| Orc Burrow | 5 | |
| Altar of Storms | 1 | |
| Voodoo Lounge | 1 | |
| War Mill | 1 | |
| Stronghold | 1 | |
| Spirit Lodge | 2 | |
| Great Hall | 1 | |
| Fortress | 1 | |
| Watch Tower | 3 | |
18 total
» build order
00:12 Barracks
00:15 Orc Burrow
00:50 Altar of Storms
01:52 Voodoo Lounge
02:07 Orc Burrow
02:44 Orc Burrow
03:37 War Mill
04:22 Stronghold
05:28 Orc Burrow
06:39 Orc Burrow
06:48 Spirit Lodge
07:45 Spirit Lodge
08:59 Great Hall
10:50 Fortress
14:03 Watch Tower
14:06 Watch Tower
14:09 Watch Tower
19:41 Barracks
» items
| Healing Salve | 1 | |
| Lesser Clarity Potion | 1 | |
| Scroll of Town Portal | 1 | |
| Orb of Lightning | 1 | |
| Scroll of Speed | 1 | |
5 total

»
YG- (
green | 159 APM | 4060 actions | 25:35)
6 Blademaster
2 Wind Walk
3 Critical Strike
1 Bladestorm
5 Shadow Hunter
3 Healing Wave
2 Hex
» actions
| Assign group hotkey | 40 | |
| Basic commands | 96 | |
| Build / train | 76 | |
| Enter build submenu | 12 | |
| Enter hero's abilities submenu | 11 | |
| Give item / drop item | 2 | |
| Remove unit from queue | 2 | |
| Right click | 1397 | |
| Select / deselect | 580 | |
| Select group hotkey | 1742 | |
| Use ability | 102 | |
4060 total
» units
| Peon | 7 | |
| Grunt | 2 | |
| Raider | 18 | |
| Shaman | 15 | |
42 total
» upgrades
| Shaman Training | 2 | |
| Ensnare | 1 | |
| Armor | 3 | |
| Melee Weapons | 2 | |
| Reinforced Defenses | 1 | |
9 total
» buildings
| Altar of Storms | 1 | |
| Voodoo Lounge | 1 | |
| Orc Burrow | 6 | |
| Barracks | 1 | |
| War Mill | 1 | |
| Stronghold | 1 | |
| Spirit Lodge | 1 | |
| Beastiary | 1 | |
| Fortress | 1 | |
14 total
» build order
00:09 Altar of Storms
00:13 Voodoo Lounge
00:28 Orc Burrow
01:43 Barracks
02:01 Orc Burrow
02:37 War Mill
03:10 Stronghold
04:31 Orc Burrow
05:35 Spirit Lodge
05:37 Beastiary
05:41 Orc Burrow
06:12 Fortress
06:58 Orc Burrow
07:52 Orc Burrow
» items
| Healing Salve | 3 | |
| Lesser Clarity Potion | 1 | |
| Orb of Lightning | 2 | |
| Scroll of Town Portal | 2 | |
8 total
IhadaORCASM! (
pink | 43 APM | 1108 actions | 25:35)
3 Dark Ranger
2 Black Arrow
1 Life Drain
2 Lich
2 Frost Nova
» actions
| Basic commands | 6 | |
| Build / train | 101 | |
| Enter build submenu | 24 | |
| Enter hero's abilities submenu | 8 | |
| Give item / drop item | 3 | |
| Right click | 707 | |
| Select / deselect | 218 | |
| Use ability | 41 | |
1108 total
» units
| Acolyte | 23 | |
| Ghoul | 21 | |
| Frost Wyrm | 9 | |
53 total
» upgrades
| Creature Carapace | 3 | |
| Creature Attack | 3 | |
| Freezing Breath | 1 | |
| Unholy Armor | 1 | |
| Unholy Strength | 1 | |
9 total
» buildings
| Crypt | 2 | |
| Graveyard | 1 | |
| Tomb of Relics | 1 | |
| Altar of Darkness | 1 | |
| Ziggurat | 10 | |
| Nerubian Tower | 3 | |
| Spirit Tower | 7 | |
| Necropolis | 2 | |
| Halls of the Dead | 4 | |
| Black Citadel | 2 | |
| Sacrificial Pit | 1 | |
| Boneyard | 4 | |
38 total
» build order
00:28 Crypt
00:37 Crypt
00:48 Graveyard
01:02 Tomb of Relics
01:33 Altar of Darkness
02:03 Ziggurat
02:20 Ziggurat
02:38 Ziggurat
03:00 Ziggurat
03:13 Nerubian Tower
03:48 Spirit Tower
04:11 Ziggurat
04:19 Ziggurat
04:30 Spirit Tower
04:30 Spirit Tower
05:07 Nerubian Tower
05:11 Ziggurat
05:13 Nerubian Tower
06:08 Spirit Tower
06:15 Necropolis
07:39 Ziggurat
07:43 Ziggurat
07:49 Ziggurat
11:24 Spirit Tower
11:27 Spirit Tower
11:50 Spirit Tower
12:10 Halls of the Dead
12:10 Halls of the Dead
13:57 Necropolis
14:38 Black Citadel
14:38 Black Citadel
14:43 Sacrificial Pit
17:03 Boneyard
17:10 Boneyard
17:19 Boneyard
17:25 Boneyard
23:31 Halls of the Dead
23:35 Halls of the Dead
» items
| Sacrificial Skull | 1 | |
| Rod of Necromancy | 1 | |
| Orb of Corruption | 1 | |
| Scroll of Healing | 1 | |
| Potion of Mana | 3 | |
| Potion of Healing | 2 | |
| Dust of Appearance | 1 | |
10 total
team 2 (loser)
z1z2z3 (
orange | 167 APM | 4202 actions | 25:05)
5 Lich
3 Frost Nova
2 Frost Armor
4 Death Knight
2 Death Coil
1 Unholy Aura
1 Death Pact
1 Dreadlord
1 Sleep
» actions
| Assign group hotkey | 64 | |
| Basic commands | 53 | |
| Build / train | 101 | |
| ESC pressed | 9 | |
| Enter build submenu | 28 | |
| Enter hero's abilities submenu | 11 | |
| Give item / drop item | 3 | |
| Right click | 1853 | |
| Select / deselect | 555 | |
| Select group hotkey | 1331 | |
| Use ability | 194 | |
4202 total
» units
| Acolyte | 14 | |
| Ghoul | 11 | |
| Crypt Fiend | 10 | |
| Obsidian Statue | 6 | |
| Abomination | 2 | |
| Frost Wyrm | 3 | |
46 total
» upgrades
| Destroyer Form | 1 | |
| Ghoul Frenzy | 1 | |
| Burrow | 2 | |
| Creature Attack | 1 | |
| Disease Cloud | 1 | |
| Freezing Breath | 1 | |
7 total
» buildings
| Crypt | 1 | |
| Altar of Darkness | 1 | |
| Ziggurat | 12 | |
| Tomb of Relics | 1 | |
| Halls of the Dead | 4 | |
| Graveyard | 1 | |
| Nerubian Tower | 3 | |
| Slaughterhouse | 1 | |
| Necropolis | 1 | |
| Black Citadel | 1 | |
| Sacrificial Pit | 1 | |
| Spirit Tower | 5 | |
| Boneyard | 1 | |
33 total
» build order
00:05 Crypt
00:08 Altar of Darkness
00:22 Ziggurat
01:00 Ziggurat
01:17 Tomb of Relics
02:41 Halls of the Dead
02:41 Halls of the Dead
03:25 Graveyard
03:52 Nerubian Tower
03:52 Nerubian Tower
05:09 Halls of the Dead
05:09 Halls of the Dead
05:54 Ziggurat
07:21 Ziggurat
07:41 Slaughterhouse
07:59 Necropolis
10:06 Black Citadel
11:37 Ziggurat
11:53 Ziggurat
11:55 Ziggurat
11:56 Ziggurat
12:31 Sacrificial Pit
13:05 Nerubian Tower
13:06 Spirit Tower
13:06 Spirit Tower
14:18 Ziggurat
14:31 Boneyard
18:49 Ziggurat
18:51 Ziggurat
21:03 Spirit Tower
21:03 Spirit Tower
21:03 Spirit Tower
23:20 Ziggurat
» items
| Rod of Necromancy | 5 | |
| Dust of Appearance | 1 | |
| Scroll of Town Portal | 3 | |
| Orb of Corruption | 2 | |
| Potion of Lesser Invulnerability | 1 | |
| Scroll of Protection | 1 | |
| Scroll of Healing | 2 | |
15 total
Talus_MaGeWyRm (
blue | 158 APM | 3981 actions | 25:07)
4 Archmage
2 Summon Water Elemental
2 Brilliance Aura
2 Mountain King
1 Storm Bolt
1 Bash
» actions
| Assign group hotkey | 51 | |
| Basic commands | 122 | |
| Build / train | 64 | |
| ESC pressed | 7 | |
| Enter build submenu | 25 | |
| Enter hero's abilities submenu | 6 | |
| Give item / drop item | 1 | |
| Right click | 1724 | |
| Select / deselect | 752 | |
| Select group hotkey | 1119 | |
| Use ability | 106 | |
3981 total
» units
| Peasant | 9 | |
| Footman | 8 | |
| Priest | 12 | |
| Sorceress | 8 | |
| Spell Breaker | 4 | |
41 total
» upgrades
| Lumber Harvesting | 2 | |
| Swords | 1 | |
| Plating | 1 | |
| Priest Training | 2 | |
| Sorceress Training | 2 | |
8 total
» buildings
| Altar of Kings | 1 | |
| Farm | 7 | |
| Barracks | 1 | |
| Arcane Vault | 2 | |
| Town Hall | 4 | |
| Keep | 1 | |
| Blacksmith | 1 | |
| Lumber Mill | 1 | |
| Arcane Sanctum | 2 | |
| Castle | 1 | |
21 total
» build order
00:04 Altar of Kings
00:17 Farm
00:20 Barracks
00:58 Farm
01:59 Arcane Vault
04:37 Town Hall
06:30 Keep
07:01 Blacksmith
08:13 Lumber Mill
08:25 Arcane Vault
09:01 Farm
10:09 Arcane Sanctum
10:30 Farm
10:33 Farm
11:23 Arcane Sanctum
12:46 Farm
14:43 Town Hall
16:21 Castle
19:15 Town Hall
19:47 Town Hall
23:41 Farm
» items
| Potion of Healing | 1 | |
| Scroll of Town Portal | 1 | |
| Scroll of Regeneration | 2 | |
| Lesser Clarity Potion | 1 | |
5 total
Alchemie (
teal | 69 APM | 1765 actions | 25:35)
7 Goblin Alchemist
2 Chemical Rage
3 Healing Spray
1 Transmute
1 Acid Bomb
» actions
| Assign group hotkey | 108 | |
| Basic commands | 18 | |
| Build / train | 88 | |
| Enter build submenu | 23 | |
| Enter hero's abilities submenu | 7 | |
| Give item / drop item | 2 | |
| Right click | 992 | |
| Select / deselect | 291 | |
| Select group hotkey | 144 | |
| Use ability | 92 | |
1765 total
» units
| Wisp | 21 | |
| Archer | 19 | |
| Hippogryph | 11 | |
51 total
» upgrades
| Strength of the Moon | 3 | |
| Moon Armor | 3 | |
| Hippogryph Taming | 1 | |
| Strength of the Wild | 2 | |
| Reinforced Hides | 2 | |
| Nature's Blessing | 1 | |
| Improved Bows | 1 | |
| Well Spring | 1 | |
| Marksmanship | 1 | |
| Ultravision | 1 | |
16 total
» buildings
| Moon Well | 5 | |
| Altar of Elders | 1 | |
| Ancient of War | 2 | |
| Hunter's Hall | 1 | |
| Tree of Ages | 1 | |
| Ancient Protector | 4 | |
| Tree of Life | 2 | |
| Ancient of Wind | 2 | |
| Ancient of Wonders | 1 | |
| Tree of Eternity | 1 | |
20 total
» build order
00:08 Moon Well
00:40 Altar of Elders
00:48 Ancient of War
01:38 Moon Well
01:56 Moon Well
03:17 Hunter's Hall
05:03 Tree of Ages
06:38 Ancient Protector
06:39 Ancient Protector
06:41 Ancient Protector
07:56 Tree of Life
08:12 Ancient of Wind
08:13 Ancient of Wind
09:35 Ancient of Wonders
12:23 Tree of Eternity
14:21 Moon Well
14:58 Moon Well
20:11 Ancient Protector
21:12 Tree of Life
23:46 Ancient of War
» items
| Boots of Speed | 1 | |
| Staff of Teleportation | 1 | |
| Scroll of Town Portal | 6 | |
| Potion of Healing | 2 | |
| Anti-magic Potion | 1 | |
11 total
|cffFCFCFCZaM (
red | 17 APM | 424 actions | 25:14)
1 Blood Mage
1 Flame Strike
» actions
| Basic commands | 25 | |
| Build / train | 14 | |
| Enter build submenu | 4 | |
| Enter hero's abilities submenu | 1 | |
| Right click | 227 | |
| Select / deselect | 135 | |
| Use ability | 18 | |
424 total
» units
» buildings
| Altar of Kings | 1 | |
| Barracks | 1 | |
| Farm | 1 | |
3 total
» build order
00:13 Altar of Kings
00:19 Barracks
00:24 Farm
» items
Chat log
(00:03 / Allies) z1z2z3: niceeeee
(00:06 / Allies) Talus_MaGeWyRm: ez
(01:21 / All) ColdAsWinter: breasts
(01:34 / All) Alchemie: I love feeling up your moms
(01:51 / All) ColdAsWinter: XD idiot
(02:05 / All) |cffFCFCFCZaM: i like feeling teals
(02:09 / All) ColdAsWinter: pink my record still will be 100x better than yours lmfao xD
(02:19 / Allies) |cffFCFCFCZaM: jk
(02:20 / Allies) |cffFCFCFCZaM: blues
(02:28 / Allies) |cffFCFCFCZaM: eZ
(02:30 / All) Alchemie: most men don't have breasts like yourself friend
(02:42 / All) ColdAsWinter: when did i say i have breasts?
(02:44 / All) ColdAsWinter: im lost kid
(02:47 / Allies) Talus_MaGeWyRm: alright
(02:47 / All) LordJamo: i worked hard to get mine
(02:52 / All) ColdAsWinter: ^
(03:16 / Allies) z1z2z3: o
(03:16 / Allies) z1z2z3: wtf
(03:24 / Allies) Talus_MaGeWyRm: love this game
(03:32 / All) Alchemie: lol
(03:35 / All) Alchemie: I didn't even notice
(03:41 / All) Alchemie: sigh
(03:46 / All) Alchemie: 3 games I wanted to try alchemist lwal
(03:54 / All) Alchemie: first tiem got tower rushed which failed
(04:01 / All) Alchemie: second time msas t1 rush with shit allies
(04:06 / All) Alchemie: third time got a militia tk
(04:12 / Allies) Talus_MaGeWyRm: 50 wood
(04:13 / All) |cffFCFCFCZaM: all good man
(04:22 / All) |cffFCFCFCZaM: how was that mom titie
(04:30 / All) ColdAsWinter: wtf is a titie
(04:41 / All) ColdAsWinter: sound like a type of drink
(04:42 / All) Alchemie: red takes offense at titty jokes
(04:44 / All) |cffFCFCFCZaM: good right tit tea
(04:44 / All) Alchemie: because he has gyno
(04:53 / All) ColdAsWinter: gynocologists?
(04:59 / All) ColdAsWinter: he has gynos?
(04:59 / All) Alchemie: just man titties
(05:00 / All) Alchemie: ask him about it
(05:01 / Allies) Talus_MaGeWyRm: can ig et 100 gold
(05:07 / All) |cffFCFCFCZaM: ooooooooooooooooooooooooooooooo
(05:25 / All) ColdAsWinter: tities like tidie shirts?
(05:59 / Allies) Talus_MaGeWyRm: hes back to finish the job guys!!
(06:09 / Allies) z1z2z3: red whats wrong in ur head
(06:19 / All) |cffFCFCFCZaM: ahh the blond witch
(07:29 / Allies) Talus_MaGeWyRm: u should expo
(08:34 / Allies) Alchemie: maybe go finish red off bros
(08:42 / Allies) Talus_MaGeWyRm: let one of them waste their time
(09:37 / Allies) Talus_MaGeWyRm: force his tp?
(09:40 / Allies) Talus_MaGeWyRm: maybe hes not looking
(10:36 / Allies) |cffFCFCFCZaM: anyone got spare gold?
(10:59 / All) IhadaORCASM!: gold
(11:00 / Allies) Talus_MaGeWyRm: better run
(11:08 / Allies) Talus_MaGeWyRm: nvm
(11:24 / Allies) z1z2z3: lets get the rteds
(11:39 / Allies) |cffFCFCFCZaM: derrr im not stupid
(12:06 / Allies) Talus_MaGeWyRm: they took middle
(12:24 / Allies) |cffFCFCFCZaM: \
(12:30 / All) |cffFCFCFCZaM: get out gook
(13:28 / Allies) Talus_MaGeWyRm: def?
(13:42 / Allies) |cffFCFCFCZaM: the alchmist doing work baby
(13:43 / Allies) |cffFCFCFCZaM: wooo
(14:00 / Allies) |cffFCFCFCZaM: anyone want to defend the mvp?
(14:18 / All) ColdAsWinter: idk who u fightin with 3 footmen
(14:20 / All) ColdAsWinter: lmfao
(14:46 / Allies) |cffFCFCFCZaM: wooo lol
(14:54 / Allies) z1z2z3: this will take a miracle
(14:59 / Allies) z1z2z3: lets get another red
(15:10 / Allies) |cffFCFCFCZaM: aite man
(15:37 / Allies) Talus_MaGeWyRm: def?
(15:55 / All) |cffFCFCFCZaM: yeah kick his ass seabass
(16:05 / Allies) |cffFCFCFCZaM: too easy
(16:31 / Allies) Talus_MaGeWyRm: behind
(16:34 / Allies) |cffFCFCFCZaM: help blue
(17:58 / Allies) |cffFCFCFCZaM: get one of those shammys
(18:17 / Allies) |cffFCFCFCZaM: grab the shammy dumb dumb
(19:33 / Allies) Talus_MaGeWyRm: it appears i need more priests to dispel
(19:50 / Allies) |cffFCFCFCZaM: well dont let me die next time
(19:54 / Allies) |cffFCFCFCZaM: i bring the zam
(19:59 / Allies) Alchemie: b
(20:01 / Allies) z1z2z3: b
(20:02 / Allies) Alchemie: b
(20:19 / Allies) z1z2z3: i need scrolls
(20:44 / All) Alchemie: one yous def hacks I think purple
(20:52 / All) ColdAsWinter: Eat me
(20:54 / All) LordJamo: hacks?
(21:03 / All) Alchemie: purp hax
(21:07 / All) LordJamo: what kind?
(21:08 / All) ColdAsWinter: nah teal hacks
(21:10 / All) ColdAsWinter: for sure
(21:15 / All) Alchemie: Yeah that's why I went into towered base
(21:28 / Allies) z1z2z3: a lot oftowers
(21:52 / Allies) Talus_MaGeWyRm: b
(22:36 / All) Alchemie: lol
(22:38 / All) Alchemie: I wasn't even
(22:41 / All) Alchemie: in vision
(22:45 / All) ColdAsWinter: wards from middle
(22:47 / All) ColdAsWinter: use your head
(22:51 / All) ColdAsWinter: mass casters yellow
(22:54 / All) ColdAsWinter: jesus retard
(22:57 / Allies) z1z2z3: they haev a lot of wards
(22:59 / Allies) Alchemie: he hacker lalw
(23:01 / Allies) z1z2z3: ive been finding em verywhere
(23:02 / Allies) z1z2z3: w/ shades
(23:04 / Allies) Alchemie: he done it all game
(23:43 / Allies) z1z2z3: k
(23:45 / Allies) z1z2z3: gonna rush a base
(23:46 / Allies) z1z2z3: or we lose anyway
(23:48 / Allies) Talus_MaGeWyRm: ya
(24:09 / Allies) Alchemie: they had no ward there lol
(24:15 / Allies) Alchemie: went for shdae
(24:57 / Allies) Talus_MaGeWyRm: alright
(25:07 / All) ColdAsWinter: gg
(25:30 / All) ColdAsWinter: cya teal
(25:34 / All) Alchemie: gg purp hacker barely win 3v4